 Dungeon Crawl Stone Soup version 0.30-a0-54-g2e61a25929 (webtiles) character file.

Game seed: 3563669478015377876

98359 jlumianski the Severer (level 15, -5/119 HPs)
             Began as a Demonspawn Gladiator on Sept 8, 2022.
             Was the Champion of Qazlal.
             Killed from afar by Louise (31 damage)
             ... with a bolt of lightning
             ... on level 2 of the Spider Nest.
             The game lasted 02:04:18 (32156 turns).

jlumianski the Severer (Demonspawn Gladiator)      Turns: 32156, Time: 02:04:18

Health: -5/119     AC: 34    Str: 35    XL:     15   Next: 74%
Magic:  33/33      EV: 12    Int:  6    God:    Qazlal [******]
Gold:   1841       SH:  8    Dex: 22    Spells: 14/14 levels left

rFire   . . .      SeeInvis +    a - +3 war axe (venom)
rCold   + . .      Faith    +    (no shield)
rNeg    . . .      Spirit   .    y - +0 plate armour
rPois   +          Reflect  .    (helmet restricted)
rElec   .          Harm     .    z - +2 cloak
rCorr   +          Rampage  .    (gloves unavailable)
Will    +....                    h - +2 pair of boots
Stlth   ..........               D - amulet "Tuliugi" {Faith rPois Str+8 Int-3}
HPRegen 0.29/turn                x - ring "Loukhio" {rCorr MP+9 Dex+6 SInv Stlth-}
MPRegen 0.23/turn                k - +6 ring of strength

@: protected from cold, sanguine armoured, repel missiles
A: ignite blood 1, sanguine armour 3, demonic magic 3, demonic touch 3, horns 1,
subdued magic 1, MP-powered wands, sturdy frame 1
a: Renounce Religion, Upheaval, Elemental Force, Disaster Area


You were on level 2 of the Spider Nest.
You worshipped Qazlal.
Qazlal was exalted by your worship.
You visited 5 branches of the dungeon, and saw 25 of its levels.
You also visited: Gauntlet.

You collected 2419 gold pieces.
You spent 578 gold pieces at shops.

Inventory:

Hand Weapons
 a - a +3 war axe of venom (weapon)
 R - a +4 scimitar of flaming
Missiles
 d - 4 throwing nets
 f - 24 boomerangs
 A - 84 poisoned darts (quivered)
 L - 17 curare-tipped darts
 U - 2 datura-tipped darts
Armour
 c - a +0 chain mail of willpower
 h - a +2 pair of boots (worn)
 y - a +0 plate armour (worn)
 z - a +2 cloak (worn)
Jewellery
 k - a +6 ring of strength (right hand)
 x - the ring "Loukhio" (left hand) {rCorr MP+9 Dex+6 SInv Stlth-}
   (You found it in a Gauntlet)

   [ring of magical power]

   Dex:       It affects your dexterity (+6).
   MP:        It affects your magic capacity (+9).
   SInv:      It lets you see invisible.
   rCorr:     It protects you from acid and corrosion.
   Stlth:     It makes you less stealthy.
 D - the amulet "Tuliugi" (around neck) {Faith rPois Str+8 Int-3}
   (You found it on level 5 of the Dungeon)

   [amulet of faith]

   It allows you to gain divine favour quickly.
   Str:       It affects your strength (+8).
   Int:       It affects your intelligence (-3).
   rPois:     It protects you from poison.
 M - a ring of willpower
 W - a ring of protection from cold
Wands
 i - a wand of polymorph (4)
 w - a wand of quicksilver (28)
 K - a wand of charming (3)
 P - a wand of roots (14)
 Z - a wand of digging (4)
Scrolls
 b - 2 scrolls of silence
 g - 4 scrolls of fog
 j - 12 scrolls of identify
 m - a scroll of enchant armour
 n - 3 scrolls of summoning
 s - 5 scrolls of blinking
 t - 4 scrolls of fear
 C - 4 scrolls of teleportation
 F - 2 scrolls of poison
Potions
 e - a potion of magic
 l - 2 potions of heal wounds
 o - 6 potions of attraction
 p - 3 potions of cancellation
 r - 13 potions of curing
 v - 5 potions of might
 E - 4 potions of berserk rage
 G - 4 potions of haste
 T - 2 potions of flight
 V - a potion of resistance
 X - a potion of invisibility


   Skills:
 + Level 11.5 Fighting
 + Level 1.7 Long Blades
 + Level 16.2 Axes
 + Level 2.4 Throwing
 + Level 11.4 Armour
 + Level 4.8 Dodging
 + Level 2.8 Stealth
 - Level 2.2 Shields
 * Level 13.1 Invocations
 * Level 10.6 Evocations


You had 14 spell levels left.
You didn't know any spells.
Your spell library contained the following spells:

 Spells                   Type           Power      Damage    Failure   Level
 Apportation              Tloc           0%         N/A       86%         1
 Freeze                   Ice            0%         1d3       86%         1
 Sandblast                Erth           0%         2d4       86%         1
 Shock                    Conj/Air       0%         1d3       86%         1
 Slow                     Hex            0%         N/A       86%         1
 Sting                    Tmut/Pois      0%         1d3       86%         1
 Blink                    Tloc           0%         N/A       94%         2
 Ensorcelled Hibernation  Hex/Ice        0%         N/A       94%         2
 Passwall                 Tmut/Erth      0%         N/A       94%         2
 Poisonous Vapours        Pois/Air       0%         N/A       94%         2
 Confusing Touch          Hex            0%         N/A       99%         3
 Conjure Flame            Conj/Fire      0%         6-21      99%         3
 Dazzling Flash           Conj/Hex       0%         N/A       99%         3
 Frozen Ramparts          Ice            0%         1d1       99%         3
 Ignite Poison            Fire/Tmut/Pois 0%         N/A       99%         3
 Mephitic Cloud           Conj/Pois/Air  0%         N/A       99%         3
 Stone Arrow              Conj/Erth      0%         3d7       99%         3
 Swiftness                Air            0%         N/A       99%         3
 Vampiric Draining        Necr           0%         2d6       99%         3
 Airstrike                Air            0%         2d(0-16)  100%        4
 Animate Dead             Necr           0%         N/A       100%        4
 Corpse Rot               Necr/Pois/Air  0%         N/A       100%        4
 Dispel Undead            Necr           0%         3d6       100%        4
 Hailstorm                Conj/Ice       0%         3d3       100%        4
 Leda's Liquefaction      Hex/Erth       0%         N/A       100%        4
 Olgreb's Toxic Radiance  Pois           0%         N/A       100%        4
 Sticky Flame             Conj/Fire      0%         2d3       100%        4
 Agony                    Necr           0%         N/A       100%        5
 Alistair's Intoxication  Tmut/Pois      0%         N/A       100%        5
 Borgnjor's Vile Clutch   Necr/Erth      0%         N/A       100%        5
 Fireball                 Conj/Fire      0%         3d3       100%        5
 Freezing Cloud           Conj/Ice/Air   0%         6-21      100%        5
 Iskenderun's Battlesphe  Conj           0%         2d6       100%        5
 Silence                  Hex/Air        0%         N/A       100%        5
 Summon Forest            Summ/Tloc      0%         N/A       100%        5
 Summon Mana Viper        Hex/Summ       0%         N/A       100%        5
 Conjure Ball Lightning   Conj/Air       0%         3x3d6     100%        6
 Death Channel            Necr           0%         N/A       100%        6
 Summon Cactus Giant      Summ           0%         N/A       100%        6
 Enfeeble                 Hex            0%         N/A       100%        7
 Orb of Destruction       Conj           0%         9d5       100%        7


Dungeon Overview and Level Annotations

Branches:
Dungeon (15/15)            Temple (1/1) D:5            Lair (5/5) D:10
 Shoals (0/4) Lair:2       Spider (2/4) Lair:3        Slime (0/5) Lair:5
    Orc (2/2) D:10            Elf (0/3) Orc:2        Vaults (0/5) D:13
 Depths (0/4) D:15        Gauntlet (visited)

Altars:
Cheibriados
Dithmenos
Fedhas
Kikubaaqudgha
Makhleb
Okawaru
Qazlal
Ru
Sif Muna
Uskayaw
Wu Jian
Xom
Jiyva

Shops:
D:5 *   D:11 (=(**   Orc:2 =([:[

Annotations:
D:9 Newt's ghost, novice KoHu
Spider:2 Louise


Innate Abilities, Weirdness & Mutations

Your demonic aura sometimes causes spilled blood to erupt in flames.
When seriously injured, your blood forms very thick armour. (AC +12)
Spells you cast and wands you use may paralyse nearby enemies.
Your touch may irresistibly damage your foes and sap their willpower.
You have a pair of small horns on your head.
Your spells are a little easier to cast, but a little less powerful.
You expend magic power (3 MP) to strengthen your wands.
Your movements are slightly less encumbered by armour. (ER -2)


Message History

2 orb spiders come into view.
Found 14 gold pieces.
Found a stone staircase leading down.
The jumping spider leaps!
The orb spider begins to weave its threads into a brightly glowing ball.
You feel yourself speed up.
The orb spider's many legs skitter faintly.
The jumping spider leaps!
The wolf spider is engulfed in blazing flames.
The jumping spider leaps!
The orb spider begins to weave its threads into a brightly glowing ball.
The culicivora's wounds heal themselves!
The culicivora is healed somewhat.
The jumping spider leaps!
The wolf spider is struck by lightning.
The orb spider pulsates with a strange energy.
The culicivora is engulfed in freezing vapours.
A jumping spider comes into view.
The culicivora attacks as you move away!
The culicivora bites you but does no damage.
An orb spider comes into view.
The orb spider's many legs skitter faintly.
The culicivora's soul is no longer bound.
The jumping spider leaps!
The tarantella simulacrum hits you. The tarantella simulacrum freezes you!!
Your resistance to physical damage fades away.
You feel protected from cold.
* * * LOW HITPOINT WARNING * * *
The orb spider weaves a glowing orb of energy.
The jumping spider is healed somewhat.
The jumping spider is engulfed in blazing flames.
The tarantella simulacrum barely misses you.
An orb of destruction comes into view.
Blink to where?
Press: ? - help, Dir - move target Louise the Corrupted comes into view.
She is wielding a +1 trident of protection.
As you read the scroll of blinking, it crumbles to dust.
A wolf spider comes into view.
The jumping spider leaps!
Louise casts a spell at you. The bolt of lightning hits you!!
You die...

##....^## ...#○s.
##....^... ..○.°#..
.#........ .#.....#.
#.........
...s......##......^ #
....#.#........☼..#
.##.....s...........#
s...s^##s.s.ss○.@☼#
#.<.....s.......☼....#
§...#w..ss#.##.......^..
.§....s.s.#.s.....##....
.†.s#..°^##°Z.##... ...
..§Z#...s#§ss.#...## ..
^sZ###...s○.*s#...# s
..w#..s..ss##.°○.@.
.!.##.>.s°#.....#..


You could see Louise, a wolf spider, 2 orb spiders, a culicivora, 4 jumping
spiders, a tarantella, 2 redbacks and a tarantella simulacrum.

Vanquished Creatures
  2 acid blobs (Lair:5)
  Frances (Lair:3)
  An emperor scorpion (Lair:2)
  A broodmother (Lair:3)
  A stone giant (D:15)
  An entropy weaver (Lair:3)
  A minotaur (Gauntlet)
  A dire elephant (Lair:5)
  Erolcha (Orc:1)
  5 boulder beetles
  5 hydras
  A catoblepas (Lair:5)
  2 vault guards (D:13)
  4 two-headed ogres
  3 centaur warriors
  3 tengu warriors
  A spectral dire elephant (Lair:5)
  2 fire crabs (Gauntlet)
  5 skeletal warriors (D:13)
  A spectral death yak (Lair:5)
  A pharaoh ant (Spider:2)
  2 steelbarb worms
  A spectral anaconda (Lair:5)
  An orb spider (Spider:1)
  A deep elf pyromancer (D:13)
  4 wolf spiders (Lair:3)
  4 wizards (D:13)
  An oklob plant (D:10)
  An obsidian statue (Lair:5)
  4 necromancers
  4 orc knights
  9 ugly things
  A manticore (D:11)
  3 orc sorcerers
  4 cyclopes
  9 elephants (Lair:5)
  A shining eye (Gauntlet)
  A black mamba (Lair:5)
  A spectral centaur (D:9)
  A black mamba (shapeshifter) (D:15)
  Maurice (D:12)
  6 centaur zombies (D:12)
  A dire elephant zombie (Lair:5)
  9 cane toads
  5 torpor snails
  A dire elephant skeleton (Lair:5)
  2 gargoyles
  Maggie (D:8)
  A rime drake (Lair:2)
  An unseen horror (D:13)
  10 komodo dragons
  2 demonic crawlers (Lair:3)
  2 tengu conjurers
  A freezing wraith (D:15)
  2 polar bears
  3 meliai (D:13)
  Grinder (D:4)
  A troll (D:10)
  2 hornets
  5 slime creatures (D:13)
  4 blink frogs (Lair:4)
  3 dream sheep
  A raiju (Gauntlet)
  5 tarantellas
  2 meliai zombies (D:12)
  9 jumping spiders
  3 vampires
  4 culicivoras (Lair:3)
  Sigmund (D:2)
  4 shadows
  4 wyverns
  A centaur simulacrum (D:9)
  45 yaks
  A wraith (D:12)
  Eustachio (D:5)
  6 fire bats (Gauntlet)
  A golden eye (Gauntlet)
  3 basilisks
  16 humans (D:13)
  Grum (D:9)
  11 redbacks
  3 steam dragons
  6 vampire mosquitoes
  2 wargs
  Menkaure (D:5)
  3 spectral cane toads (Lair:5)
  2 acid dragons
  7 water moccasins
  3 hell hounds (Gauntlet)
  2 ice beasts
  34 orc warriors
  6 black bears
  A floating eye (Gauntlet)
  A meliai simulacrum (D:9)
  4 wolves (D:9)
  4 ogres
  16 centaurs
  A phantom (D:7)
  An elephant skeleton (Lair:5)
  7 bullfrogs
  10 kobold brigands
  2 gnoll sergeants
  2 scorpions (D:5)
  2 cane toad simulacra (Lair:5)
  5 killer bees (D:5)
  3 elephant simulacra (Lair:5)
  9 howler monkeys
  5 electric eels
  A jelly (D:7)
  A hound (D:5)
  3 gnoll boudas
  12 orc priests
  Crazy Yiuf (D:5)
  Jessica (D:3)
  Ijyb (D:3)
  Terence (D:2)
  2 iguanas
  11 orc wizards
  Natasha (twice) (D:3)
  11 hell rats
  A mummy (D:6)
  20 gnolls
  11 adders
  A shadow imp (D:6)
  2 white imps
  2 worms
  6 dart slugs
  81 orcs
  4 endoplasms
  6 giant cockroaches
  8 goblins
  9 hobgoblins
  2 jackals (D:2)
  45 kobolds
  3 quokkas
  2 ball pythons
  3 bats
  2 frilled lizards (D:1)
  2 rats
  A butterfly (Lair:2)
679 creatures vanquished.

Vanquished Creatures (collateral kills)
  A tengu warrior (D:13)
  Amaemon (Lair:2)
  A necromancer (D:13)
  An ugly thing (D:13)
  A centaur zombie (D:12)
  An orange demon (Lair:2)
  2 vampires (D:12)
  A wraith (D:12)
  2 humans (D:13)
  An orc warrior (Orc:2)
  An orc priest (Orc:2)
13 creatures vanquished.

Vanquished Creatures (others)
  2 orcs
  A kobold (D:4)
  19 fungi
  68 plants
  34 withered plants
124 creatures vanquished.

Grand Total: 816 creatures vanquished

Notes
Turn   | Place    | Note
-------+----------+-------------------------------------------
     0 | D:1      | jlumianski the Demonspawn Gladiator began the quest for the
                  | Orb.
     0 | D:1      | Reached XP level 1. HP: 16/16 MP: 1/1
   266 | D:1      | Gained mutation: Your touch may inflict minor irresistible
                  | damage on your foes. [demonic ancestry]
   266 | D:1      | Reached XP level 2. HP: 18/22 MP: 2/2
   395 | D:1      | Reached skill level 3 in Axes
  1053 | D:1      | Gained mutation: Spells you cast may paralyse adjacent
                  | enemies. [demonic ancestry]
  1053 | D:1      | Reached XP level 3. HP: 26/28 MP: 3/3
  1823 | D:2      | Noticed Sigmund
  1830 | D:2      | Killed Sigmund
  1831 | D:2      | Reached skill level 4 in Axes
  1831 | D:2      | Reached skill level 1 in Armour
  1831 | D:2      | Gained mutation: Your demonic aura sometimes causes spilled
                  | blood to erupt in flames. [demonic ancestry]
  1831 | D:2      | Reached XP level 4. HP: 18/34 MP: 4/4
  1831 | D:2      | Gained mutation: Your touch may inflict irresistible damage
                  | on your foes. [demonic ancestry]
  1831 | D:2      | Reached XP level 5. HP: 21/40 MP: 5/5
  2029 | D:2      | Noticed Terence
  2033 | D:2      | Killed Terence
  2452 | D:3      | Noticed Jessica
  2461 | D:3      | Killed Jessica
  2600 | D:3      | Gained mutation: When seriously injured, your blood forms
                  | armour. (AC +12) [demonic ancestry]
  2600 | D:3      | Reached XP level 6. HP: 39/46 MP: 6/6
  2693 | D:3      | Noticed Natasha
  2705 | D:3      | Killed Natasha
  2899 | D:3      | Noticed Ijyb
  2910 | D:3      | Killed Ijyb
  2911 | D:3      | Reached skill level 5 in Axes
  2991 | D:3      | Noticed Natasha
  2994 | D:3      | Killed Natasha
  3449 | D:3      | Found a hide-covered altar of Uskayaw.
  3530 | D:5      | Entered Level 5 of the Dungeon
  4094 | D:4      | Reached skill level 1 in Shields
  4137 | D:5      | Noticed Grinder
  4152 | D:4      | Gained mutation: When seriously injured, your blood forms
                  | thick armour. (AC +12) [demonic ancestry]
  4152 | D:4      | Reached XP level 7. HP: 47/52 MP: 7/7
  4252 | D:4      | Killed Grinder
  4253 | D:4      | Reached skill level 6 in Axes
  4619 | D:5      | Found a staircase to the Ecumenical Temple.
  4647 | D:5      | Reached XP level 8. HP: 8/60 MP: 8/8
  4928 | Temple   | Entered the Ecumenical Temple
  4941 | Temple   | Became a worshipper of Qazlal Stormbringer
  5077 | D:5      | Identified the amulet "Tuliugi" {Faith rPois Str+8 Int-3}
  5149 | D:5      | Reached skill level 7 in Axes
  5153 | D:5      | Noticed Eustachio
  5155 | D:5      | Reached skill level 5 in Fighting
  5160 | D:5      | Killed Eustachio
  5352 | D:6      | Noticed a two-headed ogre
  5357 | D:6      | Killed a two-headed ogre
  5358 | D:6      | Reached skill level 8 in Axes
  5358 | D:6      | Gained mutation: Spells you cast may paralyse nearby
                  | enemies. [demonic ancestry]
  5358 | D:6      | Reached XP level 9. HP: 26/69 MP: 9/9
  5391 | D:6      | Reached skill level 1 in Stealth
  5419 | D:6      | Reached * piety under Qazlal
  5781 | D:6      | Reached skill level 5 in Armour
  5995 | D:6      | Reached skill level 9 in Axes
  6243 | D:5      | Found Hentucw's General Store.
  6248 | D:5      | Noticed Menkaure
  6268 | D:5      | Killed Menkaure
  6614 | D:5      | Reached ** piety under Qazlal
  6849 | D:5      | Found a runed translucent door.
  6851 | D:5      | Noticed Crazy Yiuf
  6856 | D:5      | Killed Crazy Yiuf
  7239 | D:5      | Bought a potion of haste for 110 gold pieces
  8264 | D:7      | Reached skill level 1 in Invocations
  8264 | D:7      | Reached skill level 1 in Evocations
  8264 | D:7      | Gained mutation: When seriously injured, your blood forms
                  | very thick armour. (AC +12) [demonic ancestry]
  8264 | D:7      | Reached XP level 10. HP: 36/77 MP: 10/10
  8779 | D:8      | Reached *** piety under Qazlal
  8855 | D:8      | Found a blossoming altar of Fedhas.
  9009 | D:8      | Noticed Maggie
  9014 | D:8      | Killed Maggie
  9015 | D:8      | Reached skill level 10 in Axes
  9606 | D:9      | Found a runed translucent gate.
  9606 | D:9      | Found a runed translucent gate.
  9606 | D:9      | Found a runed translucent gate.
  9620 | D:9      | Noticed Grum
  9630 | D:9      | Killed Grum
  9666 | D:9      | Found a shimmering altar of Xom.
  9668 | D:9      | Found a shimmering altar of Xom.
  9669 | D:9      | Found a shimmering altar of Xom.
  9669 | D:9      | Found a shimmering altar of Xom.
  9669 | D:9      | Found a shimmering altar of Xom.
  9734 | D:9      | Noticed a spectral centaur warrior
  9734 | D:9      | Noticed Newt's ghost (novice KoHu)
  9734 | D:9      | Noticed a spectral centaur warrior
  9792 | D:9      | Reached **** piety under Qazlal
  9869 | D:9      | Noticed a three-headed hydra
  9880 | D:9      | Killed a one-headed hydra
 10061 | D:9      | Reached skill level 11 in Axes
 10108 | D:10     | Entered Level 10 of the Dungeon
 10239 | D:9      | Gained mutation: Your touch may irresistibly damage your
                  | foes and sap their willpower. [demonic ancestry]
 10239 | D:9      | Reached XP level 11. HP: 75/84 MP: 14/14
 10590 | D:9      | Noticed a death drake
 10595 | D:9      | a death drake changed into a faun
 10598 | D:9      | Noticed a goliath frog
 10598 | D:9      | a tyrant leech changed into a goliath frog
 10655 | D:9      | Reached skill level 5 in Invocations
 10771 | D:11     | Found Ylair's Jewellery Emporium.
 10967 | D:10     | Noticed a two-headed ogre
 10980 | D:10     | Killed a two-headed ogre
 11027 | D:10     | Noticed a two-headed ogre
 11035 | D:10     | Killed a two-headed ogre
 11292 | D:10     | Found a staircase to the Lair.
 11292 | D:10     | Noticed an oklob plant
 11319 | D:10     | Killed an oklob plant
 11619 | D:10     | Found a staircase to the Orcish Mines.
 12138 | D:11     | Bought a +6 ring of strength for 468 gold pieces
 12146 | D:11     | Found Mysoeth's Antique Weapon Shop.
 12249 | D:11     | Reached skill level 12 in Axes
 12267 | D:11     | Found Ehiewel's Weapon Shop.
 12413 | D:11     | Found Lokeeluy's General Store.
 12422 | D:11     | Found Wollu's General Store.
 12490 | D:11     | Reached skill level 5 in Evocations
 12699 | D:12     | Noticed a red ugly thing
 12713 | D:12     | Killed a red ugly thing
 12783 | D:12     | Found a gate leading to a gauntlet.
 12824 | D:12     | Reached XP level 12. HP: 20/94 MP: 11/17
 12855 | Gauntlet | Entered a Gauntlet
 12855 | Gauntlet | Found a transporter.
 13150 | Gauntlet | Found a transporter.
 13153 | Gauntlet | Found a transporter.
 13154 | Gauntlet | Found a transporter.
 13165 | Gauntlet | Found a transporter.
 13165 | Gauntlet | Found a transporter.
 13166 | Gauntlet | Found a transporter.
 13170 | Gauntlet | Found a runed translucent door.
 13172 | Gauntlet | Found a runed translucent door.
 13174 | Gauntlet | Found a transporter.
 13177 | Gauntlet | Found a transporter.
 13178 | Gauntlet | Found a transporter.
 13292 | Gauntlet | Gained mutation: You occasionally lose the ability to read
                  | scrolls when taking damage. [a shining eye]
 13307 | Gauntlet | Lost mutation: You occasionally lose the ability to read
                  | scrolls when taking damage. [potion of mutation]
 13307 | Gauntlet | Gained mutation: Your movements are slightly less
                  | encumbered by armour. (ER -2) [potion of mutation]
 13307 | Gauntlet | Gained mutation: You have hidden genetic potential. [potion
                  | of mutation]
 13307 | Gauntlet | Gained mutation: You are clumsy. (Dex -2) [potion of
                  | mutation]
 13307 | Gauntlet | Lost mutation: You are clumsy. (Dex -2) [potion of
                  | mutation]
 13358 | Gauntlet | Found a transporter.
 13358 | Gauntlet | Found a transporter.
 13359 | Gauntlet | Found a transporter.
 13364 | Gauntlet | Noticed a cacodemon
 13366 | Gauntlet | Identified the ring "Loukhio" {rCorr MP+9 Dex+6 SInv
                  | Stlth-}
 13468 | Gauntlet | Noticed a minotaur
 13474 | Gauntlet | Killed a minotaur
 13687 | D:12     | Reached skill level 13 in Axes
 13921 | D:12     | Found an iron altar of Okawaru.
 14261 | D:12     | Noticed a five-headed hydra
 14264 | D:12     | Reached ***** piety under Qazlal
 14268 | D:12     | Killed a four-headed hydra
 14277 | D:12     | Noticed a boulder beetle
 14423 | D:12     | Noticed Maurice
 14429 | D:12     | Killed Maurice
 14564 | D:12     | Killed a boulder beetle
 14892 | D:13     | Noticed a centaur warrior
 14896 | D:13     | Killed a centaur warrior
 14969 | D:13     | Noticed a vault guard
 14973 | D:13     | Noticed a vault guard
 15019 | D:13     | Killed a vault guard
 15034 | D:13     | Reached XP level 13. HP: 100/101 MP: 19/19
 15245 | D:13     | Gained mutation: You expend magic power (3 MP) to
                  | strengthen your wands. [hidden potential]
 16843 | D:13     | Reached skill level 14 in Axes
 16856 | D:13     | Identified the +2 ring mail of Sijeogei {rF- Dex+3}
 16867 | D:13     | Found a gate to the Vaults.
 17373 | D:13     | Reached skill level 10 in Invocations
 18218 | D:14     | Found an ornate altar of the Wu Jian Council.
 18768 | D:14     | Reached skill level 1 in Long Blades
 18790 | D:15     | Entered Level 15 of the Dungeon
 19286 | D:15     | Identified the +0 scale mail of Uzeibeuca {rPois}
 19289 | D:15     | Noticed a stone giant
 19298 | D:15     | Gained mutation: Spells you cast and wands you use may
                  | paralyse nearby enemies. [demonic ancestry]
 19298 | D:15     | Reached XP level 14. HP: 94/109 MP: 22/22
 19301 | D:15     | Killed a stone giant
 19319 | D:14     | Reached skill level 10 in Fighting
 19329 | D:14     | Gained mutation: You have a pair of small horns on your
                  | head. [hidden potential]
 19329 | D:14     | Lost mutation: You have hidden genetic potential. [hidden
                  | potential expressed]
 19550 | D:15     | Reached skill level 10 in Armour
 19565 | D:15     | Found a staircase to the Depths.
 20263 | Lair:1   | Entered Level 1 of the Lair of Beasts
 20347 | Orc:1    | Entered Level 1 of the Orcish Mines
 20695 | Orc:2    | Entered Level 2 of the Orcish Mines
 22166 | Orc:2    | Reached ****** piety under Qazlal
 22619 | Orc:2    | Found Odeocvul's Antique Armour Boutique.
 22655 | Orc:2    | Noticed Erolcha
 22847 | Orc:1    | Killed Erolcha
 22996 | Orc:2    | Found a staircase to the Elven Halls.
 23273 | Orc:2    | Found Tierog's Antique Weapon Shoppe.
 23273 | Orc:2    | Found Rocor's Antique Armour Boutique.
 23275 | Orc:2    | Found Ogriarit's Book Shop.
 23277 | Orc:2    | Found Luta's Jewellery Emporium.
 24689 | Lair:2   | Reached skill level 15 in Axes
 24767 | Lair:2   | Found a staircase to the Shoals.
 24878 | Lair:2   | Noticed Amaemon
 24887 | Lair:2   | Killed Amaemon
 25749 | Lair:3   | Found a hole to the Spider Nest.
 27392 | Lair:5   | Entered Level 5 of the Lair of Beasts
 27414 | Lair:5   | Found a snail-covered altar of Cheibriados.
 27440 | Lair:5   | Reached XP level 15. HP: 112/117 MP: 24/24
 28052 | Lair:5   | Reached skill level 10 in Evocations
 28343 | Lair:5   | Gained mutation: Your spells are a little easier to cast,
                  | but a little less powerful. [a neqoxec]
 28888 | Lair:5   | Found a runed translucent door.
 29315 | Lair:5   | Identified the +9 great sword "Uwegofi" {drain, Fragile
                  | Will+ Int+4 SInv}
 29463 | Lair:5   | Found a viscous altar of Jiyva.
 29463 | Lair:5   | Noticed an acid blob
 29463 | Lair:5   | Noticed an acid blob
 29466 | Lair:5   | Found a staircase to the Slime Pits.
 29482 | Lair:5   | Killed an acid blob
 29488 | Lair:5   | Killed an acid blob
 29833 | Spider:1 | Entered Level 1 of the Spider Nest
 29833 | Spider:1 | Noticed an emperor scorpion
 30137 | Lair:2   | Killed an emperor scorpion
 31313 | Spider:1 | Noticed Frances
 31316 | Spider:1 | Reached skill level 16 in Axes
 31638 | Lair:3   | Killed Frances
 31998 | Spider:1 | Got the Directory of Beguiling and Orientation
 32156 | Spider:2 | Noticed Louise
 32156 | Spider:2 | Killed from afar by Louise

Illustrated notes

Levels and vault maps discovered:
D:1:      matt_arrival_los_fun, layout_basic, chequers_jeans,
          serial_bayou_pond_b
D:2:      layout_loops_ring, minmay_misc_feat_pillars, uniq_sigmund,
          uniq_terence
D:3:      corexii_shack_village, layout_loops_ring,
          mainiacjoe_overflow_alcove_4, uniq_natasha, uniq_jessica, uniq_ijyb
D:4:      layout_rooms
D:5:      layout_basic, minmay_temple_entry_junction, minmay_misc_feat_rugged,
          nicolae_take_the_stairs, minivault_26, dreamdust_wishing_well,
          minmay_diced_spiral, uniq_grinder, uniq_menkaure, uniq_eustachio,
          uniq_crazy_yiuf_cottage
D:6:      layout_loops_ring, tso_altar, gup_ossuary_entry_pyramid
D:7:      layout_gridville, amcnicky_mini_pool_small
D:8:      layout_gridville, fedhas_altar_2, uniq_maggie
D:9:      layout_long_grid, xom_shifter_show, gammafunk_ghost_necromancy,
          hangedman_ranch, uniq_grum
D:10:     layout_stronghold, dpeg_oklobed_lair, david_orc_1_choice,
          dreamdust_gnoll_shepherd
D:11:     layout_basic, serial_shops, nicolae_stop_n_shop_1,
          nicolae_shop_statue_plus, kennysheep_mini_moat,
          nicolae_shop_advertising_works [nicolae_subvault_shop_adworks], shop
D:12:     layout_long_grid, gauntlet_entry_generic, serial_undead,
          serial_undead_e, serial_undead_d, serial_undead_b, serial_undead_f,
          serial_undead_d, serial_undead_b, okawaru_altar_gauntlet_db,
          uniq_maurice
D:13:     layout_roguey, grunt_vaults_entry_tiered
D:14:     layout_basic, abandoned_shop, nzn_wu_jian_contemplation
D:15:     hangedman_depths_entry_civil_slaughter, layout_loops_ring,
          serial_bayou_lagoon_a
Temple:   mainiacjoe_temple_coin_purse
Lair:1:   layout_roguey, minivault_25, grunt_megastairs_1, serial_bayou_shore_b,
          lemuel_fruit_tree
Lair:2:   layout_hall_layers, minmay_shoals_entry_centaurs,
          beast_lair_carwin_10, serial_bayou_shore_a, lemuel_fruit_fields,
          uniq_amaemon
Lair:3:   layout_misc_corridors, hellmonk_spider_entry_life_and_decay,
          serial_bayou_pond_a, minivault_26, infiniplex_staircase_pool
Lair:4:   layout_regular_city
Lair:5:   due_jungle_book, layout_cave_pods, slime_entry_2,
          kennysheep_snail_temple
Spider:1: layout_spider_delve, portal_ice_cave_entry_pillars_three, uniq_frances
Spider:2: layout_spider_delve, nicolae_spider_not_touching_you, uniq_louise
Orc:1:    layout_caves, lightli_volcano_entry_magma_tube, basic_altar
Orc:2:    st_orc_rangers, layout_caves, serial_shops, nicolae_shop_hallway_plus,
          uniq_erolcha

Skill      XL: |  1  2  3  4  5  6  7  8  9 10 11 12 13 14 15 |
---------------+----------------------------------------------+-----
Dodging        | 3 4 |  4.8
Axes           | 3 4 5 6 8 9 11 12 13 14 15 16 | 16.2
Armour         | 1 2 3 4 6 7 8 9 10 11 | 11.4
Fighting       | 3 4 5 6 7 8 9 10 11 | 11.5
Shields        | 1 2 |  2.2
Stealth        | 1 2 |  2.8
Invocations    | 1 4 6 8 10 12 13 | 13.1
Evocations     | 1 3 5 7 8 9 10 | 10.6
Throwing       | 2 |  2.4
Long Blades    | 1 |  1.7

Action                   |  1- 3 |  4- 6 |  7- 9 | 10-12 | 13-15 || total
-------------------------+-------+-------+-------+-------+-------++-------
Melee: War axe           |    68 |    99 |   193 |   426 |   851 ||  1637
       Touch             |     6 |    11 |    32 |    84 |   202 ||   335
       Punch             |       |       |     2 |     4 |    11 ||    17
       Scimitar          |       |       |       |     6 |    12 ||    18
       Headbutt          |       |       |       |       |   188 ||   188
Throw: Boomerang         |       |     1 |       |       |       ||     1
       Dart              |       |       |       |     5 |     3 ||     8
Invok: Elemental Force   |       |       |       |     3 |     7 ||    10
       Upheaval          |       |       |       |     3 |     6 ||     9
Evoke: Wand              |       |       |     3 |       |     2 ||     5
  Use: Scroll            |     7 |     7 |     5 |     9 |    11 ||    39
       Potion            |     1 |       |     1 |     2 |     7 ||    11
 Stab: Paralysed         |       |       |       |     2 |       ||     2
       Distracted        |       |       |       |       |     2 ||     2
Armor: Leather armour    |     6 |       |       |       |       ||     6
       Chain mail        |    29 |    29 |       |       |       ||    58
       Plate armour      |       |    23 |   150 |   313 |   537 ||  1023
Dodge: Dodged            |    31 |    24 |    71 |   266 |   594 ||   986
       Repelled          |       |       |       |     2 |     9 ||    11
Block: Other             |     3 |    31 |    25 |   128 |   359 ||   546
       Reflection        |       |     4 |       |       |       ||     4

Table legend: (Time is in decaauts)
 A = Elapsed time spent in this place.
 B = Non-inter-level travel time spent in this place.
 C = Inter-level travel time spent in this place.
 D = Time resting spent in this place.
 E = Time spent auto-exploring this place.
 F = Levels seen in this place.
 G = Mean time per level.
                   A        B        C        D        E       F      G
               +--------+--------+--------+--------+--------+-----+--------+
         Total |  32145 |  31123 |   1022 |   6757 |  15078 |  26 | 1236.3 |
       Dungeon |  19793 |  19225 |    568 |   3353 |  10014 |  15 | 1319.5 |
        Temple |     27 |     27 |      0 |      0 |      0 |   1 |   27.0 |
          Lair |   8049 |   7596 |    453 |   1763 |   4048 |   5 | 1609.8 |
   Spider Nest |    430 |    430 |      0 |      0 |    141 |   2 |  215.0 |
  Orcish Mines |   3034 |   3033 |      1 |   1304 |    701 |   2 | 1517.0 |
      Gauntlet |    809 |    809 |      0 |    337 |    174 |   1 |  809.0 |
               +--------+--------+--------+--------+--------+-----+--------+

Top non-repeatable levels by time:
    D:13: 2766 daAuts
  Lair:3: 2221 daAuts
  Lair:5: 2084 daAuts
  Lair:2: 1850 daAuts
   Orc:1: 1800 daAuts
    D:12: 1781 daAuts
    D:10: 1714 daAuts
     D:5: 1650 daAuts
     D:1: 1409 daAuts
     D:6: 1253 daAuts
    D:14: 1241 daAuts
   Orc:2: 1234 daAuts
     D:7: 1167 daAuts
     D:9: 1157 daAuts
     D:3: 1117 daAuts
